cohdb
Replays
Latest Replays
All Replays
Popular Replays
Top Player Replays
Match Explorer
How It Works
Community
CoH3 Stats
Reddit
Sign in to upload your games and track your stats! →
Sign in with Steam
Match 43470493
Unlisted
Match 43470493
Overview
Messages
Build Orders
End
Kradschützen Motorcycle Team
Selects Italian Infantry
Panzergrenadier Squad
250 Light Carrier
Construct Light Support Kompanie
MG34 Team
Combat Half-tracks
Construct Mechanized Kompanie
Selects Guastatori Squad
Selects L6/40 Light Tank Combat Group
L6/40 Light Tank Combat Group
Guastatori Squad
Guastatori Squad
Selects Towed Cannone da 105/28 Field Howitzer
Marder III Tank Destroyer
Marder III Tank Destroyer
Selects Defensive Operations
Selects Prepared Positions
Support Armor Elements
Pak 38 Mechanized Group
Marder III Tank Destroyer
Pabu in a bowl
Wildcard
DrewP
Dillbro
0
0
Comments
sign in to comment!
No comments posted yet!